 Dungeon Crawl Stone Soup version 0.30.0 (webtiles) character file.

Game seed: 13928995076585708003

103 porkupine the Firebug (level 4, -2/38 HPs)
             Began as a Naga Fire Elementalist on May 12, 2023.
             Was an Initiate of Yredelemnul.
             Slain by a gnoll bouda
             ... wielding a +0 club
              (9 damage)
             ... on level 4 of the Dungeon.
             The game lasted 00:11:15 (2729 turns).

porkupine the Firebug (Naga Fire Elementalist)      Turns: 2729, Time: 00:11:16

Health: -2/38      AC:  3    Str: 11    XL:     4   Next: 79%
Magic:  0/7        EV: 15    Int: 17    God:    Yredelemnul [......]
Gold:   140        SH:  0    Dex: 11    Spells: 1/7 levels left

rFire   . . .        a - +1 sling
rCold   . . .        l - orb {*channel}
rNeg    . . .        k - +1 robe
rPois   +            (no helmet)
rElec   .            (no cloak)
rCorr   .            (no gloves)
SInv    +            (no barding)
Will    .....        (no amulet)
Stlth   ++           h - +5 ring of evasion
HPRegen 0.26/turn    (no ring)
MPRegen 0.10/turn

%: channel magic (20%)
@: mighty, short of breath, very slow
A: AC +1, large, see invisible, deformed body, poison resistance, slowness 2,
spit poison 1, naga tail 1
a: Spit Poison, Renounce Religion, Recall Undead Harvest


You were on level 4 of the Dungeon.
You worshipped Yredelemnul.
Yredelemnul was noncommittal.
You visited 1 branch of the dungeon, and saw 4 of its levels.

You collected 140 gold pieces.

Inventory:

Hand Weapons
 a - a +1 sling (weapon)
 b - a +2 spear of freezing
 e - a +0 hand axe
 i - a +0 short sword
 p - a +1 dagger of venom
 r - a +0 spectral falchion
 t - a +1 dagger of draining
Missiles
 d - 14 poisoned darts
Armour
 k - a +1 robe (worn)
 l - an orb of energy (worn)
Jewellery
 h - a +5 ring of evasion (left hand)
 m - a ring of ice
Wands
 j - a wand of flame (24)
Potions
 f - a potion of lignification {unknown}
 g - a potion of mutation {unknown}
 n - a potion of heal wounds {unknown}
 o - 2 potions of degeneration {unknown}
 q - 2 potions of resistance {unknown}
 u - 2 potions of magic
 v - a potion of invisibility {unknown}
 w - a potion of brilliance {unknown}


   Skills:
 + Level 1.0 Fighting
 + Level 0.5 Ranged Weapons
 + Level 2.0 Dodging
 - Level 3.1 Stealth
 + Level 2.4 Spellcasting
 + Level 1.8 Conjurations
 * Level 2.0 Translocations
 + Level 3.3 Fire Magic


You had one spell level left.
You knew the following spells:

 Your Spells              Type           Power      Damage    Failure   Level
a - Foxfire               Conj/Fire      40%        2x1d6     17%         1
b - Scorch                Fire           26%        2d6       19%         2
c - Volatile Blastmotes   Fire/Tloc      22%        2d11      38%         3

Your spell library contained the following spells:

 Spells                   Type           Power      Damage    Failure   Level
 Magic Dart               Conj           32%        1d4       22%         1
 Searing Ray              Conj           16%        2d5       32%         2
 Inner Flame              Hex/Fire       7%         N/A       50%         3
 Flame Wave               Conj/Fire      10%        2d6       75%         4
 Fulminant Prism          Conj/Hex       2%         3d5       90%         4
 Haunt                    Necr/Summ      1%         N/A       100%        7
 Infestation              Necr           1%         N/A       100%        8
 Animate Dead             Necr           Unusable   N/A       N/A         4

Dungeon Overview and Level Annotations

Branches:
Dungeon (4/15)
 Temple: D:4-7

Altars:
Gozag
Okawaru
Yredelemnul

Portals:
Sewer: D:4


Innate Abilities, Weirdness & Mutations

Your serpentine skin is tough. (AC +1)
You have supernaturally acute eyesight. (SInv)
Armour fits poorly on your strangely shaped body.
Your system is resistant to poisons. (rPois)
You cover ground very slowly.
You can spit poison.
You have a snake-like lower body.


Message History

The foxfire hits the gnoll bouda but does no damage.
The gnoll bouda is heavily wounded.
The foxfire hits the gnoll bouda.
The gnoll bouda is severely wounded.
The gnoll throws a throwing net.
The throwing net closely misses you. The gnoll bouda barely misses you.
Your Fighting skill increases to level 1!
Your Translocations skill increases to level 2!
Casting: Scorch (safe; 19% risk of failure)
Confirm with . or Enter, or press ? or * to list all spells.
You don't have enough magic to cast this spell.
Casting: Scorch (safe; 19% risk of failure)
Confirm with . or Enter, or press ? or * to list all spells.
You conjure some foxfire!
You have got your breath back.
The gnoll misses you.
The foxfire hits the gnoll.
The gnoll is lightly wounded.
The gnoll bouda hits you with a +0 club!
Aiming: Spit Poison (1% risk of failure)
Press: ? - help, Shift-Dir - straight line, f/p - gnoll bouda
Aim: a gnoll bouda, wielding a +0 club and wearing a +0 robe (heavily wounded, poisoned, ally target, 65% to hit)
The splash of poison hits the gnoll bouda.
The gnoll bouda looks even sicker.
The gnoll bouda is severely wounded.
The foxfire hits the gnoll.
The gnoll is heavily wounded.
The gnoll closely misses you.
The gnoll hits your gnoll zombie with a +0 whip!
The gnoll bouda hits you with a +0 club!
You aren't carrying any scrolls.
You feel very mighty all of a sudden.
Your attacks no longer feel as feeble.
The gnoll hits you with a +0 flail.
The gnoll hits you from afar with a +0 spear!
* * * LOW HITPOINT WARNING * * *
The gnoll barely misses your gnoll zombie.
Your gnoll zombie hits the gnoll.
A gnoll comes into view. It is wielding a +0 spear.
The gnoll bouda hits you with a +0 club!
You die...
Your body rises from the dead as a mindless zombie.

####...#.####
.............
#.#######.#
#.#~~~~~#.#
#.#~~∩~~+.#
#.#~~BBB#.#
#####.#######Z####
........(..@ggg..#
#.
###.##.###g##.#g#
#.# #.##.# #..v
...#####.##.#
####.# .....#.##.#
# #...#.##.#
####...#....#
#.........####
#..............


You could see a gnoll bouda (poisoned), 4 gnolls, 3 giant cockroaches and a
friendly gnoll zombie.

Vanquished Creatures
  A gnoll (D:4)
  4 adders
  A worm (D:3)
  An orc (D:3)
  6 ball pythons
  3 bats
  7 endoplasms
  3 goblins
  8 hobgoblins
  7 kobolds
  2 quokkas (D:1)
  5 frilled lizards
  3 rats (D:2)
51 creatures vanquished.

Vanquished Creatures (others)
  An endoplasm zombie (D:3)
  16 foxfires
17 creatures vanquished.

Grand Total: 68 creatures vanquished

Notes
Turn   | Place    | Note
-------+----------+-------------------------------------------
     0 | D:1      | porkupine the Naga Fire Elementalist began the quest for
                  | the Orb.
     0 | D:1      | Reached XP level 1. HP: 15/15 MP: 3/3
   261 | D:1      | Reached XP level 2. HP: 22/22 MP: 5/5
   300 | D:1      | Learned a level 2 spell: Scorch
  1300 | D:2      | Reached skill level 1 in Translocations
  1300 | D:2      | Reached XP level 3. HP: 28/28 MP: 4/6
  1687 | D:2      | Reached XP level 4. HP: 37/37 MP: 7/7
  2036 | D:3      | Found a faded altar of an unknown god.
  2044 | D:3      | Prayed at the altar of an unknown god.
  2044 | D:3      | Became a worshipper of Yredelemnul the Dark
  2044 | D:3      | Reached * piety under Yredelemnul
  2285 | D:3      | Reached ** piety under Yredelemnul
  2453 | D:3      | Found an opulent altar of Gozag.
  2590 | D:3      | Learned a level 3 spell: Volatile Blastmotes
  2661 | D:3      | Found an iron altar of Okawaru.
  2713 | D:4      | Found a glowing drain.
  2727 | D:4      | Reached skill level 1 in Fighting
  2729 | D:4      | Slain by a gnoll bouda

Illustrated notes

Levels and vault maps discovered:
D:1:      evilmike_arrival_hilbert_curve, layout_basic, corexii_corridor_pit,
          kennysheep_flooded_box, hangedman_decor_points
D:2:      layout_rooms
D:3:      layout_basic, lemuel_crystal_altar,
          hellmonk_okawaru_the_only_friend_you_need,
          hellmonk_ecumenical_altar_run_dry, minivault_14
D:4:      dreamdust_elfheim, layout_loops_ring, lemuel_temple_firewalk_a,
          gup_sewer_entry_glass

Skill      XL: |  1  2  3  4 |
---------------+-------------+-----
Translocations | 1 2 |  2.0
Dodging        | 2 |  2.0
Fighting       | 1 |  1.0
Ranged Weapons | |  0.5
Stealth        | |  3.1
Spellcasting   | |  2.4
Conjurations   | |  1.8
Fire Magic     | |  3.3

Action                     |  1- 3 |  4- 6 || total
---------------------------+-------+-------++-------
  Melee: Short sword       |     1 |       ||     1
   Fire: Sling             |    24 |    24 ||    48
   Cast: Foxfire           |     6 |     3 ||     9
         Scorch            |     9 |    10 ||    19
Ability: Spit Poison       |    24 |     9 ||    33
    Use: Scroll            |     4 |     5 ||     9
         Potion            |       |     1 ||     1
 Armour: Robe              |     2 |     1 ||     3
  Dodge: Dodged            |     6 |     9 ||    15
